AoeStats
← 一条固执的鱼

African Clearing

505906170Analyzed
3v3 RM · 21d ago on Sep 11, 2026· 35m 32s· 6 players
Game mode
Random Map
Map size
Normal (6 player)
Population
200
Speed
Normal
Resources
Standard
Victory
Conquest
Starting age
Dark Age
Ending age
Imperial Age
RankedLock teamsTeams togetherTeam positionsShared explorationLock speedFull tech treeHidden civsTurbo modeCheats
Victory
Defeat
🇨🇳 Poles · China
1236
+14
🇨🇳 Vietnamese · China
1229
+14
🇨🇳 Mongols · China
1217
+15
🇨🇴 Khmer · Colombia
1234
-16
🇭🇰 Dravidians · Hong Kong SAR China
1190
-14
🇦🇷 Huns · Argentina
1164
-13
samuelgonzdiz1
10:17 Loom
13:03 Feudal Age
19:20 Double-Bit Axe
22:28 Fletching
32:47 Castle Age
32:02 Bloodlines
31:49 Gold Mining
32:21 Horse Collar
34:18 Scale Barding Armor
AsadoFree
12:43 Feudal Age
13:22 Feudal Age
14:19 Double-Bit Axe
14:59 Fletching
15:50 Padded Archer Armor
18:31 Loom
21:56 Castle Age
20:56 Scale Barding Armor
23:03 Scale Barding Armor
22:55 Bodkin Arrow
23:15 Leather Archer Armor
24:43 Chain Barding Armor
27:03 Town Watch
29:25 Wheelbarrow
30:13 Husbandry
31:46 Bloodlines
33:00 Ballistics
stormgoing
14:23 Feudal Age
15:40 Wheelbarrow
18:31 Castle Age
17:55 Fletching
20:33 Gold Mining
21:00 Bodkin Arrow
20:48 Pikeman
21:43 Padded Archer Armor
22:58 Leather Archer Armor
23:21 Loom
23:21 Elite Skirmisher
24:45 Double-Bit Axe
25:46 Thumb Ring
29:28 Squires
30:21 Bow Saw
33:17 Scale Mail Armor
一条固执的鱼
4:18 Loom
14:04 Feudal Age
17:19 Fletching
35:32 Castle Age
33:37 Double-Bit Axe
33:49 Horse Collar
沉着 冷静
13:37 Feudal Age
13:48 Loom
14:32 Double-Bit Axe
17:22 Castle Age
15:09 Horse Collar
17:58 Fletching
18:41 Bodkin Arrow
24:46 Town Watch
25:38 Wheelbarrow
26:55 Padded Archer Armor
28:28 Ballistics
29:36 Bow Saw
29:30 Heavy Plow
33:07 Leather Archer Armor
34:16 Bloodlines
34:06 Husbandry
37:43 Imperial Age
809591945
4:53 Loom
14:10 Feudal Age
17:42 Castle Age
16:35 Double-Bit Axe
16:44 Gold Mining
19:42 Horse Collar
19:57 Town Watch
20:29 Bow Saw
20:48 Scale Barding Armor
21:14 Heavy Plow
23:22 Szlachta Privileges
24:38 Bloodlines
25:39 Chain Barding Armor
26:02 Husbandry
27:09 Wheelbarrow
28:22 Forging
30:50 Iron Casting
34:17 Imperial Age
34:18 Cavalier
36:01 Blast Furnace
Connection lost

Rejoining the realm…

Still unreachable

The connection could not be restored.

Session expired

The server has moved on; the page needs a fresh start.